 Dungeon Crawl Stone Soup version 0.26-a0-346-g33516b1736 (webtiles) character file.

Game seed: 2916801836556646090

341 Glokmah the Sneak (level 6, 0/35 HPs)
             Began as a Kobold Enchanter on July 17, 2020.
             Killed from afar by an orc wizard (3 damage)
             ... with a puff of flame
             ... on level 4 of the Dungeon.
             The game lasted 00:12:47 (6266 turns).

Glokmah the Sneak (Kobold Enchanter)                Turns: 6266, Time: 00:12:47

Health: 0/35       AC:  3    Str:  5    XL:     6   Next: 87%
Magic:  3/10       EV: 16    Int: 20    God:
Gold:   223        SH:  0    Dex: 17    Spells: 5/11 levels left

rFire    + . .     SeeInvis .   c - +7 hand axe of Iguih {elec, rF+ Int+3}
rCold    . . .     Faith    +   (shield restricted)
rNeg     . . .     Spirit   .   t - +0 robe
rPois    .         Reflect  .   (no helmet)
rElec    .         Harm     .   u - +0 cloak
rCorr    .                      (no gloves)
MR       .....                  (no boots)
Stlth    +++.......             w - amulet of faith
HPRegen  0.11/turn              (no ring)
MPRegen  0.12/turn              (no ring)

@: slowed, very slow
A: small
a: no special abilities


You were on level 4 of the Dungeon.
You visited 1 branch of the dungeon, and saw 4 of its levels.

You collected 223 gold pieces.

Inventory:

Hand Weapons
 a - a +1 dagger
 b - a +0 shortbow
 c - the +7 hand axe of Iguih (weapon) {elec, rF+ Int+3}
   (You found it on level 4 of the Dungeon)

   Occasionally, upon striking a foe, it will discharge some electrical energy
   and cause terrible harm.
   It affects your intelligence (+3).
   It protects you from fire.
 B - a +0 rapier
Missiles
 d - 102 stones
 f - 8 poisoned darts (quivered)
 r - 34 arrows
Armour
 t - a +0 robe (worn)
 u - a +0 cloak (worn)
 z - the +1 ring mail "Davvirrei" {-Tele rC+ Dex+8}
   (You found it on level 4 of the Dungeon)

   It affects your dexterity (+8).
   It protects you from cold.
   It prevents most forms of teleportation.
Jewellery
 w - an amulet of faith (around neck)
Wands
 s - a wand of polymorph (10)
Scrolls
 e - 2 scrolls of remove curse {unknown}
 m - a scroll of fear {unknown}
 o - 2 scrolls of identify
 p - a scroll of blinking
 v - a scroll of amnesia {unknown}
 A - a scroll of enchant weapon {unknown}
Potions
 g - a potion of invisibility {unknown}
 h - a potion of ambrosia {unknown}
 i - 2 potions of heal wounds {unknown}
 j - a potion of lignification {unknown}
 k - a potion of stabbing {unknown}
 l - 2 potions of might {unknown}
 n - a potion of brilliance {unknown}
 q - a potion of curing {unknown}
 x - a potion of haste {unknown}
 y - 3 potions of mutation {unknown}


   Skills:
 + Level 1.8 Fighting
 * Level 4.1 Short Blades
 + Level 0.9 Armour
 + Level 3.4 Dodging
 * Level 5.6 Stealth
 + Level 3.0 Spellcasting
 * Level 4.0 Hexes
 + Level 1.2 Ice Magic


You had 5 spell levels left.
You knew the following spells:

 Your Spells              Type           Power        Failure   Level
a - Corona                Hex            ###....      2%          1
b - Ensorcelled Hibernat  Hex/Ice        ##....       8%          2
c - Confusing Touch       Hex            ###.....     9%          3

Your spell library contained the following spells:

 Spells                   Type           Power        Failure   Level
 Tukima's Dance           Hex            ###.....     9%          3
 Animate Skeleton         Necr           #.....       14%         1
 Apportation              Tloc           #.....       14%         1
 Summon Small Mammal      Summ           #...         14%         1
 Dazzling Flash           Conj/Hex       ##....       19%         3


Dungeon Overview and Level Annotations

Branches:
Dungeon (4/15)
 Temple: D:4-7

Altars:
Kikubaaqudgha
Qazlal
Xom


Message History

The orc wizard zaps a wand.
The puff of flame hits you!
* * * LOW HITPOINT WARNING * * *
The orc wizard hits you but does no damage.
You hit the orc wizard but do no damage.
The orc wizard is heavily wounded.
The orc wizard barely misses you. The orc wizard misses you.
You hit the orc wizard.
The orc wizard is heavily wounded.
The orc wizard zaps a wand.
The puff of flame misses you.
You hit the orc wizard.
The orc wizard is severely wounded.
The orc wizard closely misses you. The orc wizard casts a spell at you.
The magic dart hits you.
* * * LOW HITPOINT WARNING * * *
You feel clever.
You hear the crackle of electricity.
c - the +7 hand axe of Iguih (weapon)
{elec, rF+ Int+3} The orc wizard zaps a wand.
The puff of flame hits you. You resist.
You die...

#.#################
#.# # #.# # #.# #
#<# # ###### #
#....# # #.##o# #
#.##@####### #
#.##.......# #
#.###......###### #
########## #.#
#...........# #
.........####.#
#......####.# #
###.........#.#
#....).####.# #
#.####.##.#.#
#......#....# # #.#
#..#.#.#
#.....)#.#### #
###.# ##.#.#.#
###.##.#.# #


You could see an orc wizard (fast).

Vanquished Creatures
  2 scorpions (D:4)
  A howler monkey (D:4)
  An orc priest (D:2)
  An orc wizard (D:3)
  A worker ant (D:3)
  3 adders
  3 worms
  3 leopard geckos
  6 orcs
  A ball python (D:4)
  13 bats
  3 giant cockroaches
  8 goblins
  6 hobgoblins
  2 jackals (D:3)
  2 quokkas
  14 frilled lizards
  5 kobolds
  6 rats
81 creatures vanquished.

Notes
Turn   | Place    | Note
-------+----------+-------------------------------------------
     0 | D:1      | Glokmah the Kobold Enchanter began the quest for the Orb.
     0 | D:1      | Reached XP level 1. HP: 10/10 MP: 3/3
   141 | D:1      | Reached XP level 2. HP: 9/15 MP: 3/5
   788 | D:1      | Reached XP level 3. HP: 17/20 MP: 6/6
  2087 | D:2      | Learned a level 2 spell: Ensorcelled Hibernation
  2467 | D:2      | Reached skill level 1 in Fighting
  2511 | D:2      | Reached XP level 4. HP: 21/25 MP: 3/7
  3096 | D:2      | Learned a level 3 spell: Confusing Touch
  3244 | D:2      | Found an ancient bone altar of Kikubaaqudgha.
  3496 | D:3      | Found a stormy altar of Qazlal.
  4394 | D:2      | Reached skill level 5 in Stealth
  4394 | D:2      | Reached XP level 5. HP: 16/29 MP: 1/8
  5310 | D:4      | Reached XP level 6. HP: 34/34 MP: 3/10
  5530 | D:4      | Reached skill level 1 in Ice Magic
  5687 | D:4      | Found a stormy altar of Qazlal.
  5689 | D:4      | Found a white marble altar of Elyvilon.
  5689 | D:4      | Found a shimmering altar of Xom.
  5692 | D:4      | Found a hide-covered altar of Uskayaw.
  5692 | D:4      | Found a shimmering altar of Xom.
  5692 | D:4      | Found a shadowy altar of Dithmenos.
  5710 | D:4      | Got a steaming hand axe
  6117 | D:3      | Identified the +7 hand axe of Iguih {elec, rF+ Int+3} (You
                  | found it on level 4 of the Dungeon)
  6132 | D:4      | Noticed an ogre
  6135 | D:4      | Got a brightly glowing ring mail
  6143 | D:3      | Identified the +1 ring mail "Davvirrei" {-Tele rC+ Dex+8}
                  | (You found it on level 4 of the Dungeon)
  6266 | D:4      | Killed from afar by an orc wizard

Illustrated notes

Levels and vault maps discovered:
D:1:      shiori_arrival_maze, layout_loops_corners, serial_forest,
          infiniplex_forest_lined_2, minivault_4, minmay_lizard_pond
D:2:      layout_basic, nicolae_overflow_crystal_walls
D:3:      layout_loops_cross, lemuel_crystal_altar
D:4:      layout_basic, doesnt_xom_only_xom

Skill      XL: |  1  2  3  4  5  6 |
---------------+-------------------+-----
Short Blades   | 2 3 4 |  4.1
Fighting       | 1 |  1.8
Dodging        | 3 |  3.4
Stealth        | 5 |  5.6
Ice Magic      | 1 |  1.2
Hexes          | 4 |  4.0
Spellcasting   | 3 |  3.0
Armour         | |  0.9

Action                   |  1- 3 |  4- 6 || total
-------------------------+-------+-------++-------
Melee: Dagger            |   156 |    63 ||   219
 Fire: Shortbow          |       |    41 ||    41
Throw: Stone             |     2 |       ||     2
 Cast: Corona            |    11 |     8 ||    19
       Ensorcelled Hiber |     1 |    42 ||    43
  Use: Scroll            |       |     3 ||     3
 Stab: Sleeping          |     9 |    29 ||    38
Armor: Robe              |     6 |     5 ||    11
       Leather armour    |    29 |     3 ||    32
Dodge: Dodged            |    87 |    80 ||   167

Table legend:
 A = Non-vault XP
 B = Vault XP
 C = Vault XP percentage of total XP
 D = Non-vault monster count
 E = Vault monster count
 F = Vault count percentage of total count
                 A         B        C        D         E       F
            +---------+---------+-------+---------+---------+-------
      Total |     478 |      10 |   2.0 |      73 |       8 |   9.9
            +---------+---------+-------+---------+---------+-------
        D:1 |      35 |      10 |  22.2 |      22 |       8 |  26.7
        D:2 |     104 |       0 |   0.0 |      20 |       0 |   0.0
        D:3 |     134 |       0 |   0.0 |      24 |       0 |   0.0
        D:4 |     205 |       0 |   0.0 |       7 |       0 |   0.0
            +---------+---------+-------+---------+---------+-------
